 Dungeon Sprint DCSS version 0.17-a0-2127-g1cb09f6 (webtiles) character file.

10523 Kidiri the Unseen (level 11, -8/47 HPs)
             Began as a Spriggan Enchanter on Oct 23, 2015.
             Was the Champion of Dithmenos.
             Killed from afar by a death drake (14 damage)
             ... with a foul vapour
             ... in the Dungeon (Sprint III: "The Ten Rune Challenge").
             The game lasted 00:08:58 (1902 turns).

Kidiri the Unseen (Spriggan Enchanter)              Turns: 1902, Time: 00:08:58

Health: -8/47      AC:  3    Str:  4    XL:     11   Next: 37%
Magic:  26/28      EV: 33    Int: 17    God:    Dithmenos [******]
Gold:   25         SH:  8    Dex: 20    Spells: 5 memorised, 23 levels left

rFire  . . .     SeeInvis +     a - +1 dagger
rCold  . . .     Clarity  +     b - +1 robe
rNeg   . . .     SustAt   .     k - +0 buckler
rPois  .         Gourm    .     (helmet restricted)
rElec  .         Spirit   .     (no cloak)
rCorr  .         Warding  .     (gloves unavailable)
rMut   .         NoTele   +     (boots unavailable)
MR     +....                    (no amulet)
Stlth  ++++++++++               (no ring)
                                (no ring)

@: lethally poisoned (-8 -> -25), slowed, wreathed by umbra, quick, somewhat
resistant to hostile enchantments, uncannily stealthy
A: unfitting armour, fangs 1, talons 1, see invisible, agile 1, clarity, dopey
1, herbivore 3, speed 3, slow metabolism 2, MP-powered wands
a: Shadow Step, Shadow Form, Renounce Religion


You were in the Dungeon.
You worshipped Dithmenos.
Dithmenos was exalted by your worship.
You were not hungry.

You visited 1 branch You collected 25 gold pieces.

Inventory:

Hand Weapons
 a - a +1 dagger (weapon)
 f - a cursed -1 shortbow
 r - a +0 shortbow
 t - a +0 shortbow
 u - a +5 eveningstar
Missiles
 l - 76 arrows
Armour
 b - a +1 robe (worn)
 c - a troll hide {Snorg}
 k - a +0 buckler (worn)
 v - a +1 plate armour of poison resistance
Wands
 m - a wand of digging (10)
Scrolls
 j - a scroll of blinking
 n - a scroll of identify
 o - 3 scrolls of remove curse
Potions
 g - a potion of haste
 h - 2 potions of magic
 i - 2 potions of berserk rage
 q - 4 potions of cure mutation
 s - 2 potions of flight
Comestibles
 d - a bread ration
 p - 30 royal jellies


   Skills:
 * Level 12.4 Short Blades
 + Level 6.0 Armour
 * Level 15.8 Dodging
 * Level 17.2 Stealth
 + Level 6.0 Shields
 * Level 12.9 Spellcasting
 + Level 5.3 Conjurations
 + Level 10.3 Hexes
 + Level 6.6 Ice Magic
 - Level 2.8 Invocations


You had 23 spell levels left.
You knew the following spells:

 Your Spells              Type           Power        Failure   Level  Hunger
a - Corona                Hex            #####..      1%          1    None
b - Ensorcelled Hibernat  Hex/Ice        #####.       1%          2    None
c - Confuse               Hex            #####...     1%          3    None
d - Tukima's Dance        Hex            #####...     1%          3    None
e - Dazzling Spray        Conj/Hex       #####...     1%          3    None


Dungeon Overview and Level Annotations

Branches:
Dungeon (1/1)

Altars:
Cheibriados
Dithmenos
Elyvilon
Fedhas
Gozag
Kikubaaqudgha
Makhleb
Nemelex Xobeh
Okawaru
Qazlal
Ru
Sif Muna
Trog
Vehumet
Xom
Yredelemnul
Zin
The Shining One
Jiyva
Lugonu


Innate Abilities, Weirdness & Mutations

You are tiny and cannot use many weapons and most armour.
You have supernaturally acute eyesight.
You are a herbivore.
You cover ground extremely quickly.
You need consume almost no food.
You have very sharp teeth.
You have sharp toenails.
You are agile. (Dex +2)
You possess an exceptional clarity of mind.
You are dopey. (Int -2)
You expend magic power (3 MP) to strengthen your wands.


Message History

You feel very sick.
There is an open door, spattered with blood here.
Unknown command.
Drink which item? (? for menu, Esc to quit)
You feel better. The death drake completely misses you.
The death drake completely misses you.
Unknown command.
You see here 2 inedible chunks of flesh.
There's a creature in the doorway!
Unknown command.
Casting: Ensorcelled Hibernation
Confirm with . or Enter, or press ? or * to list all spells.
Aiming: Ensorcelled Hibernation
Press: ? - help, Shift-Dir - straight line, f - death drake
Aim: a death drake (umbra, chance to defeat MR: 50%)
The death drake resists with some effort.
The death drake breathes miasma at you. The foul vapour engulfs you!
You are lethally poisoned!
You die...

♣♣≈≈≈........≈≈≈...##.#.
+♣♣'♣≈≈≈≈≈≈≈≈≈≈≈≈♣♣P.'.#.#
#.≈♣♣♣♣♣♣♣♣♣♣♣♣♣♣♣♣PP##.#.
#%.♣♣ ♣♣♣##+##
###'♣♣♣♣♣♣♣♣♣♣♣♣♣♣♣
♣♣♣♣.##..##≈≈≈≈≈≈..#
♣%..##%##.#≈≈≈≈≈...#
♣♣.##%##%##k≈≈≈≈≈####
♣..#.##..@#%≈......§
♣♣.##.##..#≈..+#####
♣♣.##.#####...#
♣%....##§§....#
########+######


You could see a death drake.

Vanquished Creatures
  Maud (D)
  Snorg (D)
  2 hydras (D)
  A centaur warrior (D)
  2 unseen horrors (D)
  A lindwurm (D)
  2 spiny frogs (D)
  A komodo dragon (D)
  A queen bee (D)
  A deep elf priest (D)
  3 wandering mushrooms (D)
  3 redbacks (D)
  A shadow (D)
  A spatial vortex (D)
  2 centaurs (D)
  A necrophage (D)
  An earth elemental (D)
  2 brain worms (D)
  A water elemental (D)
  A scorpion (D)
  An electric eel (D)
  32 killer bees (D)
  A wizard (D)
  A jelly (D)
  A necromancer (D)
  A kobold demonologist (D)
  3 humans (D)
  An ooze (D)
  3 rats (D)
73 creatures vanquished.

Vanquished Creatures (others)
  2 draconian scorchers (D)
  2 yaktaurs (D)
4 creatures vanquished.

Grand Total: 77 creatures vanquished

Notes
Turn   | Place    | Note
--------------------------------------------------------------
     0 | D        | Kidiri the Spriggan Enchanter began the quest for the Orb.
     0 | D        | Reached XP level 1. HP: 9/9 MP: 5/5
     7 | D        | Reached skill level 5 in Stealth
    93 | D        | Reached XP level 2. HP: 13/13 MP: 6/8
   114 | D        | Learned a level 2 spell: Ensorcelled Hibernation
   116 | D        | Noticed a scorpion
   123 | D        | Killed a scorpion
   123 | D        | Reached skill level 1 in Armour
   123 | D        | Reached skill level 5 in Dodging
   123 | D        | Reached skill level 6 in Stealth
   123 | D        | Reached skill level 1 in Shields
   123 | D        | Reached skill level 1 in Ice Magic
   123 | D        | Reached XP level 3. HP: 16/16 MP: 10/10
   123 | D        | Reached XP level 4. HP: 21/21 MP: 11/11
   145 | D        | Learned a level 3 spell: Confuse
   149 | D        | Learned a level 3 spell: Dazzling Spray
   153 | D        | Learned a level 3 spell: Tukima's Dance
   154 | D        | Gained mutation: You are dopey. (Int -2) [potion of mutation]
   154 | D        | Gained mutation: You have sharp toenails. [potion of mutation]
   154 | D        | Gained mutation: You are agile. (Dex +2) [potion of mutation]
   155 | D        | Gained mutation: You expend magic power (3 MP) to strengthen your wands. [potion of mutation]
   155 | D        | Gained mutation: You possess an exceptional clarity of mind. [potion of mutation]
   155 | D        | Gained mutation: You have very sharp teeth. [potion of mutation]
   186 | D        | Noticed a water elemental
   188 | D        | Killed a water elemental
   188 | D        | Reached skill level 7 in Stealth
   188 | D        | Reached skill level 5 in Hexes
   188 | D        | Reached XP level 5. HP: 24/24 MP: 13/13
   197 | D        | Noticed a jelly
   198 | D        | Noticed a shadow
   200 | D        | Killed a shadow
   200 | D        | Reached skill level 8 in Dodging
   200 | D        | Reached skill level 9 in Stealth
   200 | D        | Reached XP level 6. HP: 28/28 MP: 14/14
   206 | D        | Killed a jelly
   221 | D        | Found a stormy altar of Qazlal.
   222 | D        | Noticed a spatial vortex
   222 | D        | Found a sacrificial altar of Ru.
   222 | D        | Found a burning altar of Makhleb.
   222 | D        | Found a viscous altar of Jiyva.
   222 | D        | Found a shimmering altar of Xom.
   222 | D        | Found a shadowy altar of Dithmenos.
   222 | D        | Found a sparkling altar of Nemelex Xobeh.
   222 | D        | Found a corrupted altar of Lugonu.
   222 | D        | Found an opulent altar of Gozag.
   226 | D        | Became a worshipper of Dithmenos the Shadowed
   228 | D        | Killed a spatial vortex
   228 | D        | Reached skill level 10 in Stealth
   228 | D        | Reached skill level 5 in Spellcasting
   228 | D        | Reached skill level 1 in Invocations
   252 | D        | Found a radiant altar of Vehumet.
   253 | D        | Found a deep blue altar of Sif Muna.
   253 | D        | Found an ancient bone altar of Kikubaaqudgha.
   253 | D        | Noticed a wizard
   261 | D        | Killed a wizard
   266 | D        | Killed a white draconian scorcher
   271 | D        | Reached skill level 1 in Conjurations
   347 | D        | Killed a white draconian scorcher
   352 | D        | Killed a yaktaur
   362 | D        | Found a glowing silver altar of Zin.
   363 | D        | Found a glowing golden altar of the Shining One.
   363 | D        | Found a white marble altar of Elyvilon.
   363 | D        | Noticed a deep elf priest
   365 | D        | Killed a deep elf priest
   365 | D        | Reached * piety under Dithmenos
   365 | D        | Reached skill level 10 in Dodging
   365 | D        | Reached skill level 11 in Stealth
   365 | D        | Reached XP level 7. HP: 32/32 MP: 16/18
   381 | D        | Found an iron altar of Okawaru.
   382 | D        | Found a bloodstained altar of Trog.
   382 | D        | Noticed a human
   382 | D        | Noticed a human
   390 | D        | Killed a human
   392 | D        | Killed a human
   412 | D        | Killed a yaktaur
   461 | D        | Found a snail-covered altar of Cheibriados.
   461 | D        | Noticed a necrophage
   462 | D        | Found a basalt altar of Yredelemnul.
   462 | D        | Found a blossoming altar of Fedhas.
   462 | D        | Noticed a necromancer
   465 | D        | Killed a necromancer
   465 | D        | Reached ** piety under Dithmenos
   470 | D        | Killed a necrophage
   470 | D        | Reached XP level 8. HP: 31/36 MP: 13/20
   608 | D        | Noticed Snorg
   622 | D        | Killed Snorg
   622 | D        | Reached skill level 13 in Stealth
   692 | D        | Noticed an earth elemental
   695 | D        | Killed an earth elemental
   700 | D        | Noticed a centaur
   700 | D        | Noticed a centaur warrior
   700 | D        | Noticed a centaur
   707 | D        | Killed a centaur
   707 | D        | Reached *** piety under Dithmenos
   707 | D        | Reached XP level 9. HP: 39/39 MP: 12/23
   709 | D        | Killed a centaur
   713 | D        | Killed a centaur warrior
   781 | D        | Noticed an unseen horror
   781 | D        | Noticed an unseen horror
   784 | D        | Killed an unseen horror
   784 | D        | Reached skill level 10 in Short Blades
   784 | D        | Reached skill level 14 in Stealth
   784 | D        | Reached skill level 10 in Spellcasting
   784 | D        | Reached skill level 5 in Ice Magic
   786 | D        | Killed an unseen horror
   796 | D        | Noticed a killer bee
   796 | D        | Noticed a killer bee
   796 | D        | Noticed a killer bee
   796 | D        | Noticed a killer bee
   796 | D        | Noticed a killer bee
   796 | D        | Noticed a killer bee
   796 | D        | Noticed a killer bee
   796 | D        | Noticed a killer bee
   796 | D        | Noticed a killer bee
   796 | D        | Noticed a killer bee
   796 | D        | Noticed a killer bee
   796 | D        | Noticed a killer bee
   796 | D        | Noticed a killer bee
   796 | D        | Noticed a killer bee
   796 | D        | Noticed a killer bee
   797 | D        | Noticed a killer bee
   797 | D        | Noticed a killer bee
   797 | D        | Noticed a killer bee
   797 | D        | Noticed a killer bee
   797 | D        | Noticed a killer bee
   797 | D        | Noticed a killer bee
   797 | D        | Noticed a killer bee
   797 | D        | Noticed a killer bee
   797 | D        | Noticed a killer bee
   797 | D        | Noticed a killer bee
   797 | D        | Noticed a killer bee
   797 | D        | Noticed a killer bee
   797 | D        | Noticed a killer bee
   797 | D        | Noticed a queen bee
   797 | D        | Noticed a killer bee
   797 | D        | Noticed a killer bee
   797 | D        | Noticed a killer bee
   797 | D        | Noticed a killer bee
   802 | D        | Killed a killer bee
   802 | D        | Reached **** piety under Dithmenos
   804 | D        | Killed a killer bee
   812 | D        | Killed a killer bee
   812 | D        | Reached XP level 10. HP: 44/44 MP: 11/25
   818 | D        | Killed a killer bee
   818 | D        | Reached skill level 5 in Armour
   820 | D        | Killed a killer bee
   843 | D        | Killed a killer bee
   843 | D        | Reached ***** piety under Dithmenos
   981 | D        | Killed a killer bee
   983 | D        | Killed a killer bee
   984 | D        | Killed a killer bee
   984 | D        | Reached skill level 5 in Shields
   986 | D        | Killed a killer bee
   988 | D        | Killed a killer bee
   990 | D        | Killed a killer bee
   994 | D        | Killed a killer bee
  1000 | D        | Killed a killer bee
  1000 | D        | Reached skill level 15 in Stealth
  1138 | D        | Killed a killer bee
  1140 | D        | Killed a killer bee
  1141 | D        | Killed a killer bee
  1141 | D        | Killed a killer bee
  1145 | D        | Killed a killer bee
  1147 | D        | Killed a killer bee
  1147 | D        | Reached ****** piety under Dithmenos
  1149 | D        | Killed a killer bee
  1151 | D        | Killed a killer bee
  1153 | D        | Killed a killer bee
  1155 | D        | Killed a killer bee
  1157 | D        | Killed a killer bee
  1159 | D        | Killed a killer bee
  1287 | D        | Killed a killer bee
  1292 | D        | Killed a killer bee
  1292 | D        | Killed a killer bee
  1295 | D        | Killed a killer bee
  1299 | D        | Killed a killer bee
  1303 | D        | Killed a killer bee
  1308 | D        | Killed a queen bee
  1465 | D        | Noticed a wandering mushroom
  1466 | D        | Noticed a wandering mushroom
  1466 | D        | Noticed a wandering mushroom
  1468 | D        | Killed a wandering mushroom
  1477 | D        | Killed a wandering mushroom
  1625 | D        | Killed a wandering mushroom
  1669 | D        | Noticed a spiny frog
  1669 | D        | Noticed a komodo dragon
  1669 | D        | Noticed a spiny frog
  1672 | D        | Killed a spiny frog
  1674 | D        | Killed a spiny frog
  1675 | D        | Killed a komodo dragon
  1675 | D        | Reached skill level 16 in Stealth
  1779 | D        | Noticed a redback
  1781 | D        | Killed a redback
  1782 | D        | Noticed a brain worm
  1785 | D        | Killed a brain worm
  1791 | D        | Noticed a brain worm
  1793 | D        | Killed a brain worm
  1799 | D        | Noticed a lindwurm
  1802 | D        | Noticed a redback
  1803 | D        | Killed a lindwurm
  1805 | D        | Killed a redback
  1805 | D        | Reached skill level 15 in Dodging
  1805 | D        | Reached XP level 11. HP: 47/47 MP: 28/28
  1811 | D        | Noticed a redback
  1812 | D        | Killed a redback
  1813 | D        | Noticed Maud
  1815 | D        | Killed Maud
  1815 | D        | Reached skill level 5 in Conjurations
  1815 | D        | Reached skill level 10 in Hexes
  1823 | D        | Noticed an electric eel
  1824 | D        | Noticed a five-headed hydra
  1824 | D        | Noticed a five-headed hydra
  1834 | D        | Killed a five-headed hydra
  1834 | D        | Reached skill level 17 in Stealth
  1838 | D        | Killed a five-headed hydra
  1842 | D        | Killed an electric eel
  1891 | D        | Noticed a death drake
  1902 | D        | Killed from afar by a death drake

Vault maps used:
D:        dungeon_sprint_mu

Action                   |  1- 3 |  4- 6 |  7- 9 | 10-12 || total
-------------------------+-------+-------+-------+-------++-------
Melee: Dagger            |    26 |    17 |    27 |    82 ||   152
 Cast: Corona            |     3 |       |       |       ||     3
       Dazzling Spray    |       |     3 |     9 |    21 ||    33
       Ensorcelled Hiber |       |     2 |     9 |    34 ||    45
       Confuse           |       |       |     1 |       ||     1
Invok: Shadow Step       |       |       |       |     3 ||     3
  Use: Scroll            |       |     3 |       |       ||     3
       Potion            |       |     3 |       |     1 ||     4
 Stab: Sleeping          |     4 |     5 |     8 |    32 ||    49
       Invisible         |       |     1 |     6 |     2 ||     9
